 Dungeon Crawl Stone Soup version 0.23-a0-767-gdc19b93d68 (webtiles) character file.

148 Infinimo the Slasher (level 5, -1/42 HPs)
             Began as a Demonspawn Berserker on Jan 23, 2019.
             Was a Believer of Trog.
             Slain by a gnoll
             ... wielding a +0 spear
              (6 damage)
             ... on level 3 of the Dungeon.
             The game lasted 00:01:35 (1843 turns).

Infinimo the Slasher (Demonspawn Berserker)         Turns: 1843, Time: 00:01:36

Health: -1/42      AC:  7    Str: 18    XL:     5   Next: 8%
Magic:  5/5        EV: 12    Int:  9    God:    Trog [**....]
Gold:   73         SH:  0    Dex: 12    Spells: 4/4 levels left

rFire    . . .     SeeInvis .   a - +0 falchion
rCold    . . .     Gourm    .   (no shield)
rNeg     . . .     Faith    .   b - +0 animal skin
rPois    .         Spirit   .   (no helmet)
rElec    .         Reflect  .   (no cloak)
rCorr    .         Harm     .   (no gloves)
MR       .....                  l - +2 pair of boots {run}
Stlth    +.........             (no amulet)
HPRegen  0.14/turn              (no ring)
MPRegen  0.09/turn              (no ring)

@: lethally poisoned (-1 -> -3), berserk cooldown, slowed, very slow
A: claws 1, iridescent scales 1
a: Berserk, Trog's Hand, Renounce Religion


You were on level 3 of the Dungeon.
You worshipped Trog.
Trog was pleased with you.
You were very hungry.

You visited 1 branch of the dungeon, and saw 3 of its levels.

You collected 73 gold pieces.

Inventory:

Hand Weapons
 a - a +0 falchion (weapon)
Armour
 b - a +0 animal skin (worn)
 l - a +2 pair of boots of running (worn)
Scrolls
 d - a scroll of enchant armour {unknown}
 j - a scroll of remove curse {unknown}
 k - a scroll of fog {unknown}
 n - a scroll of identify {unknown}
Potions
 e - a potion of agility {unknown}
 f - a potion of cancellation {unknown}
 g - 2 potions of degeneration {unknown}
 h - a potion of haste {unknown}
 i - 2 potions of might {unknown}
 m - a potion of magic {unknown}
 o - 3 potions of heal wounds {unknown}
Comestibles
 c - 3 rations
 p - 9 chunks of flesh


   Skills:
 + Level 4.1 Fighting
 * Level 4.6 Long Blades
 - Level 1.7 Armour
 - Level 1.7 Dodging


You had 4 spell levels left.
You didn't know any spells.
Your spell library was empty.

Dungeon Overview and Level Annotations

Branches:
Dungeon (3/15)

Altars:
Vehumet


Innate Abilities, Weirdness & Mutations

You have sharp fingernails.
You are partially covered in iridescent scales. (AC +2)


Message History

a bat corpse; an adder corpse You kill the gnoll!
Trog accepts your kill.
You have reached level 5!
Your demonic ancestry asserts itself...
Your fingernails lengthen.
You feel sick.
You riposte.
The gnoll is moderately wounded.
The gnoll hits you with a +0 spear!
* * * LOW HITPOINT WARNING * * *
The gnoll is almost dead.
The gnoll is almost dead.
You are no longer berserk.
You are exhausted.
You feel yourself slow down.
You kill the gnoll!
Trog accepts your kill.
You feel sick. The gnoll hits you with a +0 spear.
You die...

### ... ..
#######.###....
$.....)g)...#
#@# #.########
#.........
#.........
#.........
#.....###
#.....# #.....#
.. #.....###


You could see a gnoll.

Vanquished Creatures
  2 orc priests (D:3)
  An iguana (D:3)
  An adder (D:3)
  2 gnolls (D:3)
  A dart slug (D:1)
  A leopard gecko (D:1)
  2 orcs (D:3)
  A giant cockroach (D:1)
  4 hobgoblins
  A quokka (D:2)
  9 bats
  3 frilled lizards
  A goblin (D:1)
  4 kobolds
  4 rats
37 creatures vanquished.

Notes
Turn   | Place    | Note
-------+----------+-------------------------------------------
     0 | D:1      | Infinimo the Demonspawn Berserker began the quest for the
                  | Orb.
     0 | D:1      | Reached XP level 1. HP: 18/18 MP: 1/1
   182 | D:1      | Gained mutation: You are partially covered in iridescent
                  | scales. (AC +2) [demonic ancestry]
   182 | D:1      | Reached XP level 2. HP: 16/24 MP: 2/2
   374 | D:1      | Identified a +2 pair of boots of running (You found it on
                  | level 1 of the Dungeon)
  1681 | D:3      | Found a radiant altar of Vehumet.
  1682 | D:3      | Reached XP level 3. HP: 29/29 MP: 3/3
  1689 | D:3      | Reached ** piety under Trog
  1738 | D:3      | Reached XP level 4. HP: 37/37 MP: 4/4
  1838 | D:3      | Gained mutation: You have sharp fingernails. [demonic
                  | ancestry]
  1838 | D:3      | Reached XP level 5. HP: 17/42 MP: 5/5
  1843 | D:3      | Slain by a gnoll

Vault maps used:
D:1:      zelgadis_glass_arrival_small
D:2:      roderic_lattice_a
D:3:      vehumet_crystals, uniq_robin

Skill      XL: |  1  2  3  4 |
---------------+-------------+-----
Long Blades    | 3 4 |  4.6
Fighting       | 4 |  4.1
Armour         | |  1.7
Dodging        | |  1.7

Action                   |  1- 3 |  4- 6 || total
-------------------------+-------+-------++-------
Melee: Falchion          |    87 |    23 ||   110
Invok: Berserk           |     1 |     1 ||     2
  Eat: Chunk             |     2 |     1 ||     3
Armor: Animal skin       |    31 |    10 ||    41
Dodge: Dodged            |    77 |    29 ||   106
       Rpst.: Falchion   |    26 |     7 ||    33

Table legend:
 A = Non-vault XP
 B = Vault XP
 C = Vault XP percentage of total XP
 D = Non-vault monster count
 E = Vault monster count
 F = Vault count percentage of total count
                 A         B        C        D         E       F
            +---------+---------+-------+---------+---------+-------
      Total |     212 |       0 |   0.0 |      37 |       0 |   0.0
            +---------+---------+-------+---------+---------+-------
        D:1 |      27 |       0 |   0.0 |      16 |       0 |   0.0
        D:2 |      13 |       0 |   0.0 |       8 |       0 |   0.0
        D:3 |     172 |       0 |   0.0 |      13 |       0 |   0.0
            +---------+---------+-------+---------+---------+-------
